 Dungeon Sprint DCSS version 0.31-a0-876-gfe8ebadbca (webtiles) character file.

Game seed: 4933173433788383019

19128 rocky1 the Djinni Blade (level 13, -5/112 HPs)
             Began as a Djinni Gladiator on Oct 14, 2023.
             Was an Initiate of Gozag.
             Slain by a deep elf blademaster
             ... wielding a +0 rapier
              (12 damage)
             ... in the Dungeon (Sprint II: "The Violet Keep of Menkaure").
             The game lasted 00:16:48 (3143 turns).

rocky1 the Djinni Blade (Djinni Gladiator)          Turns: 3143, Time: 00:16:49

Health: -5/112     AC: 20    Str: 16    XL:     13   Next: 2%
Gold:   4176       EV: 18    Int: 18    God:    Gozag SH:  0 Dex: 18

rFire   + + .        h - +1 great sword (protect)
rCold   + + +        (shield currently unavailable)
rNeg    + . .        m - +1 ring mail {rC+}
rPois   ∞            z - +1 helmet
rElec   .            A - +0 cloak
rCorr   .            B - +0 pair of gloves
SInv    .            (boots unavailable)
Will    +....        n - amulet of regeneration
Stlth   +            x - ring of protection from cold
HPRegen 1.18/turn    c - ring of the Original Sin {rC++ rN+ Str+3 Int+6 Slay+3}
MPRegen 0.00/turn

%: no teleportation, infuse magic (-6 HP)
@: mighty, under a protective aura, flying
A: sickness immunity, fire resistance 2, cold vulnerability 1, float, innate
caster, HP casting, extra vitality 1
a: Renounce Religion, Potion Petition, Call Merchant, Bribe Branch


You were in the Dungeon.
You worshipped Gozag.
Gozag was most pleased with you.
You visited 1 branch You collected 8588 gold pieces.
You spent 4412 gold pieces at shops.

Inventory:

Hand Weapons
 h - a +1 great sword of protection (weapon)
Missiles
 a - 2 curare-tipped darts
 e - a javelin
Armour
 m - a +1 ring mail of cold resistance (worn)
 u - a +1 plate armour of positive energy
 z - a +1 helmet (worn)
 A - a +0 cloak (worn)
 B - a +0 pair of gloves (worn)
Jewellery
 c - the ring of the Original Sin (right hand) {rC++ rN+ Str+3 Int+6 Slay+3}
   (You bought it in a shop in the Dungeon)

   [ring of intelligence]

   Str+3:     It affects your strength (+3).
   Int+6:     It affects your intelligence (+6).
   Slay+3:    It affects your accuracy & damage with ranged weapons and melee
   (+3).
   rC++:      It greatly protects you from cold.
   rN+:       It protects you from negative energy.
 n - an amulet of regeneration (around neck)
 p - a +6 ring of dexterity
 x - a ring of protection from cold (left hand)
Scrolls
 o - 2 scrolls of immolation
 t - a scroll of amnesia
 y - 2 scrolls of revelation
 E - a scroll of enchant armour
Potions
 b - a potion of invisibility
 g - 5 potions of resistance
 i - 4 potions of haste
 k - 3 potions of lignification
 l - 2 potions of might
 q - a potion of experience {unknown}
 r - 3 potions of magic
 s - 11 potions of enlightenment
 v - a potion of cancellation {unknown}
 w - 2 potions of brilliance {unknown}


   Skills:
 * Level 17.2 Fighting
 * Level 21.2 Long Blades
 - Level 1.5 Throwing
 + Level 8.9 Armour
 + Level 13.1 Dodging


You knew the following spells:

 Your Spells              Type           Power      Damage    Failure   Level
a - Foxfire               Conj/Fire      0%         2x1d4     36%         1
b - Searing Ray           Conj           0%         2d4       50%         2
c - Hailstorm             Conj/Ice       0%         3d3       73%         3
d - Gell's Gravitas       Tloc           0%         N/A       73%         3
e - Sticky Flame          Conj/Fire      0%         2d3       98%         4
f - Silence               Hex/Air        0%         N/A       100%        5
Your spell library was empty.


Dungeon Overview and Level Annotations

Branches:
Dungeon (1/1)

Altars:
Cheibriados
Dithmenos
Elyvilon
Fedhas
Gozag
Hepliaklqana
Makhleb
Nemelex Xobeh
Okawaru
Qazlal
Ru
Trog
Uskayaw
Wu Jian
Xom
Yredelemnul
Zin
The Shining One
Jiyva
Lugonu

Shops:
D [:!=:*:[((=?!!?

Annotations:
D Lernaean hydra


Innate Abilities, Weirdness & Mutations

You are immune to sickness and miasma.
You are immune to poison.
Your flesh is very heat resistant. (rF++)
You are vulnerable to cold. (rC-)
You float through the air rather than walking.
You learn spells naturally, not from books.
Your magical power is your life essence.
You have superior vitality. (+4 MHP)


Message History

The deep elf blademaster is severely wounded.
The deep elf blademaster hits you with a +0 rapier!
* * * LOW HITPOINT WARNING * * *
The deep elf blademaster hits you but does no damage.
You miss the deep elf blademaster.
The deep elf blademaster is severely wounded.
The deep elf blademaster barely misses you.
The deep elf blademaster closely misses you.
The eye of devastation struggles against the net.
You closely miss the deep elf blademaster.
The deep elf blademaster is severely wounded.
The deep elf blademaster misses you.
The deep elf blademaster barely misses you.
You barely miss the deep elf blademaster.
The deep elf blademaster is severely wounded.
The deep elf blademaster hits you but does no damage. x2
You feel very mighty all of a sudden.
The deep elf blademaster hits you with a +0 rapier!
* * * LOW HITPOINT WARNING * * *
The deep elf blademaster closely misses you.
The eye of devastation struggles against the net.
The deep elf blademaster hits you with a +0 rapier.
* * * LOW HITPOINT WARNING * * *
The deep elf blademaster completely misses you.
You slice the deep elf blademaster!!
Your weapon exudes an aura of protection.
The deep elf blademaster is severely wounded.
The deep elf blademaster hits you but does no damage.
The deep elf blademaster hits you with a +0 rapier.
* * * LOW HITPOINT WARNING * * *
The eye of devastation struggles against the net.
As you read the scroll of fear, it crumbles to dust.
You assume a fearsome visage.
The deep elf blademaster easily resists.
The eye of devastation resists with almost no effort.
The flying skull is unaffected.
The deep elf blademaster barely misses you.
The deep elf blademaster hits you with a +0 rapier!
You die...
Your body crumbles into a pile of gold.

.▓▓▓▓▓▓▓▓▓▓*▓▓▓▓▓▓,,,,,,,,*
.▓≈≈≈≈§§≈≈▓▓▓.^..▓,++++++,*
|▓▓▓▓▓▓▓▓▓▓▓▓'▓▓.▓,+~,,~+,*
)▓:))(...(▓▓...▓.▓,+~,,~+,*
[▓...)[...▓▓.⌠.▓.▓,+~,,~+,*
)▓....[.[.▓▓...▓.▓,+~,,~+,*
#▓[))[..|)▓▓...▓.▓,+~,,~+,*
#▓..[.[.):▓▓...▓.▓,+~,,~+,*
#▓[.[.[=..▓▓...▓@▓,+~,,~+,*
#▓.[.().(.▓▓.⌠.▓e▓,*~,,~*,*
#▓[.......▓▓...▓z▓,*~,,~*,*
#▓▓▓▓▓▓▓)▓▓▓▓'▓▓G▓**~,,~***
~~~~~~~~...≈≈≈▓§§§,,,,,**
######'###.≈≈≈▓§§§§,,,**
.....#~~§##≈≈≈▓§§§,,,**
_....#§~§≈####▓▓▓▓▓~**
._...#~§§§§##.§#..▓~*


You could see a deep elf blademaster, an eye of devastation (caught) and a
flying skull.

Vanquished Creatures
  A hellephant (D)
  2 sphinxes (D)
  A kraken (D)
  A deep elf master archer (D)
  A draconian knight (D)
  A draconian shifter (D)
  A crystal guardian (D)
  2 boulder beetles (D)
  A death yak (D)
  Sonja (D)
  A death drake (D)
  A glowing orange brain (D)
  2 deep trolls (D)
  A harpy (D)
  An oklob plant (D)
  A merfolk siren (D)
  2 toenail golems (D)
  An ice statue (D)
  2 cane toads (D)
  A yaktaur (D)
  5 polar bears (D)
  A hornet (D)
  7 wyverns (D)
  Menkaure (D)
  7 water moccasins (D)
  2 swamp drakes (D)
  4 necrophages (D)
  A scorpion (D)
  4 lava snakes (D)
  5 tentacles (D)
62 creatures vanquished.

Vanquished Creatures (others)
  A death drake (D)
  11 tentacles (D)
12 creatures vanquished.

Grand Total: 74 creatures vanquished

Notes
Turn   | Place    | Note
-------+----------+-------------------------------------------
     0 | D        | rocky1 the Djinni Gladiator began the quest for the Orb.
     0 | D        | Reached XP level 1. HP: 18/18 MP: 0/0
     1 | D        | Noticed a necrophage
     1 | D        | Noticed a necrophage
     1 | D        | Noticed a necrophage
     1 | D        | Noticed a necrophage
     6 | D        | Killed a necrophage
     7 | D        | Reached skill level 4 in Long Blades
     7 | D        | Reached skill level 5 in Dodging
     7 | D        | Reached XP level 2. HP: 27/27 MP: 0/0
     7 | D        | Reached XP level 3. HP: 31/31 MP: 0/0
     7 | D        | Learned a level 1 spell: Foxfire
     7 | D        | Reached XP level 4. HP: 38/38 MP: 0/0
    13 | D        | Killed a necrophage
    14 | D        | Reached skill level 5 in Fighting
    14 | D        | Reached skill level 5 in Long Blades
    14 | D        | Reached XP level 5. HP: 45/45 MP: 0/0
    14 | D        | Learned a level 2 spell: Searing Ray
    21 | D        | Reached skill level 6 in Long Blades
    25 | D        | Reached skill level 7 in Long Blades
    25 | D        | Reached XP level 6. HP: 39/53 MP: 0/0
    31 | D        | Found Wekutz's Magic Scroll Emporium.
    31 | D        | Found Acvaviv's Magic Scroll Shoppe.
    31 | D        | Found Tesasok's Distillery.
    31 | D        | Found Nitarech's Jewellery Emporium.
    32 | D        | Found Zyfutar's Distillery.
    32 | D        | Found Inkapak's Antique Weapon Shoppe.
    32 | D        | Found Qiakhu Goab's Antique Armour Emporium.
    32 | D        | Found Abel's Book Shoppe.
    33 | D        | Found Diytay's General Store.
    33 | D        | Found Cach's Weapon Emporium.
    33 | D        | Found Myhuthec's Book Shoppe.
    33 | D        | Found Bisu's Jewellery Shoppe.
    33 | D        | Noticed a polar bear
    36 | D        | Noticed a water moccasin
    44 | D        | Killed a water moccasin
    54 | D        | Found an ornate altar of the Wu Jian Council.
    54 | D        | Found a stormy altar of Qazlal.
    54 | D        | Found a glowing golden altar of the Shining One.
    55 | D        | Found a sacrificial altar of Ru.
    55 | D        | Found a shimmering altar of Xom.
    55 | D        | Found a hazy altar of Hepliaklqana.
    56 | D        | Found a viscous altar of Jiyva.
    56 | D        | Found a basalt altar of Yredelemnul.
    57 | D        | Found a bloodstained altar of Trog.
    57 | D        | Found a snail-covered altar of Cheibriados.
    57 | D        | Found a glowing silver altar of Zin.
    58 | D        | Found a corrupted altar of Lugonu.
    58 | D        | Found a shadowy altar of Dithmenos.
    58 | D        | Found a hide-covered altar of Uskayaw.
    59 | D        | Found a white marble altar of Elyvilon.
    59 | D        | Found a burning altar of Makhleb.
    65 | D        | Found a blossoming altar of Fedhas.
    66 | D        | Found an opulent altar of Gozag.
    68 | D        | Found a sparkling altar of Nemelex Xobeh.
    69 | D        | Found an iron altar of Okawaru.
    73 | D        | Noticed a water moccasin
    73 | D        | Noticed a water moccasin
    80 | D        | Noticed a water moccasin
    80 | D        | Noticed a flying skull
    80 | D        | Noticed a flying skull
    82 | D        | Became a worshipper of Gozag Ym Sagoz the Greedy
   108 | D        | Noticed an orange crystal statue
   159 | D        | Reached skill level 8 in Long Blades
   159 | D        | Reached skill level 1 in Armour
   519 | D        | Noticed a wyvern
   519 | D        | Noticed a wyvern
   532 | D        | Noticed a death yak
   535 | D        | Noticed Menkaure
   547 | D        | Killed Menkaure
   548 | D        | Reached XP level 7. HP: 23/60 MP: 0/0
   548 | D        | Learned a level 3 spell: Hailstorm
   674 | D        | Noticed a boulder beetle
   674 | D        | Noticed a boulder beetle
   690 | D        | Noticed a merfolk siren
   710 | D        | Killed a merfolk siren
   711 | D        | Reached skill level 10 in Long Blades
   711 | D        | Reached skill level 10 in Dodging
   711 | D        | Reached XP level 8. HP: 62/67 MP: 0/0
   737 | D        | Killed a wyvern
   752 | D        | Killed a wyvern
   777 | D        | Reached skill level 10 in Fighting
   786 | D        | Found Pohysewn's Distillery.
   786 | D        | Noticed an oklob plant
   787 | D        | Found Myqaemeuj's Antique Armour Shoppe.
   787 | D        | Found Wepsoor's Book Shoppe.
   788 | D        | Noticed a polar bear
   792 | D        | Bought a +1 great sword of electrocution for 278 gold
                  | pieces
   799 | D        | Bought a potion of haste for 100 gold pieces
   799 | D        | Bought a potion of heal wounds for 50 gold pieces
   799 | D        | Bought a potion of heal wounds for 50 gold pieces
   799 | D        | Bought a potion of lignification for 30 gold pieces
   799 | D        | Bought a potion of might for 40 gold pieces
   799 | D        | Bought a potion of lignification for 30 gold pieces
   799 | D        | Bought a potion of lignification for 30 gold pieces
   801 | D        | Bought a potion of might for 44 gold pieces
   825 | D        | Bought a glowing ring mail for 161 gold pieces
   847 | D        | Bought an amulet of regeneration for 420 gold pieces
   899 | D        | Reached skill level 11 in Long Blades
   972 | D        | Noticed a yaktaur
   972 | D        | Noticed a hornet
   972 | D        | Noticed a polar bear
   972 | D        | Noticed a polar bear
   975 | D        | Noticed a death drake
   978 | D        | Killed a polar bear
   978 | D        | Noticed a polar bear
   979 | D        | Reached XP level 9. HP: 54/75 MP: 0/0
   979 | D        | Learned a level 3 spell: Gell's Gravitas
   985 | D        | Killed a death drake
   986 | D        | Reached skill level 12 in Long Blades
   993 | D        | Killed a polar bear
   997 | D        | Killed a polar bear
   998 | D        | Reached skill level 13 in Long Blades
  1002 | D        | Killed a yaktaur
  1005 | D        | Killed a hornet
  1058 | D        | Noticed a kraken
  1067 | D        | Reached skill level 14 in Long Blades
  1069 | D        | Reached XP level 10. HP: 84/84 MP: 0/0
  1219 | D        | Killed a kraken
  1220 | D        | Reached skill level 15 in Long Blades
  1220 | D        | Reached skill level 5 in Armour
  1389 | D        | Noticed a death drake
  1404 | D        | Killed a death drake
  1423 | D        | Noticed a crystal guardian
  1435 | D        | Killed a crystal guardian
  1436 | D        | Reached skill level 16 in Long Blades
  1489 | D        | Noticed a cane toad
  1489 | D        | Noticed a cane toad
  1493 | D        | Killed a cane toad
  1497 | D        | Killed a cane toad
  1498 | D        | Reached XP level 11. HP: 75/92 MP: 0/0
  1498 | D        | Learned a level 4 spell: Sticky Flame
  1572 | D        | Noticed a deep elf master archer
  1585 | D        | Reached skill level 17 in Long Blades
  1630 | D        | Killed a deep elf master archer
  1725 | D        | Bought 2 potions of haste for 200 gold pieces
  1725 | D        | Bought a potion of heal wounds for 50 gold pieces
  1725 | D        | Bought a potion of invisibility for 80 gold pieces
  1738 | D        | Bought the ring of the Original Sin {rC++ rN+ Str+3 Int+6
                  | Slay+3} for 1003 gold pieces
  1741 | D        | Bought a +6 ring of dexterity for 504 gold pieces
  1845 | D        | Bought a glowing plate armour for 702 gold pieces
  1845 | D        | Bought a pair of gloves for 121 gold pieces
  1862 | D        | Bought a scroll of fear for 52 gold pieces
  1862 | D        | Bought 2 scrolls of revelation for 195 gold pieces
  1862 | D        | Bought a scroll of identify for 26 gold pieces
  1862 | D        | Bought a scroll of brand weapon for 123 gold pieces
  1862 | D        | Bought a scroll of enchant armour for 97 gold pieces
  1862 | D        | Bought a scroll of identify for 26 gold pieces
  1896 | D        | Killed a boulder beetle
  1904 | D        | Killed a boulder beetle
  1905 | D        | Reached skill level 18 in Long Blades
  1954 | D        | Noticed a black draconian knight
  1965 | D        | Noticed a toenail golem
  1965 | D        | Noticed a toenail golem
  1965 | D        | Noticed the 27-headed Lernaean hydra
  2046 | D        | Killed a death yak
  2069 | D        | Killed an oklob plant
  2070 | D        | Reached skill level 15 in Fighting
  2215 | D        | Killed a black draconian knight
  2216 | D        | Reached skill level 19 in Long Blades
  2216 | D        | Reached XP level 12. HP: 18/103 MP: 0/0
  2428 | D        | Noticed a deep troll
  2428 | D        | Noticed a deep troll
  2445 | D        | Killed a deep troll
  2539 | D        | Killed a deep troll
  2662 | D        | Noticed a sphinx
  2662 | D        | Noticed a sphinx
  2669 | D        | Killed a sphinx
  2670 | D        | Reached skill level 20 in Long Blades
  2674 | D        | Killed a sphinx
  2893 | D        | Noticed Sonja
  2893 | D        | Noticed a purple draconian shifter
  2905 | D        | Killed a purple draconian shifter
  2912 | D        | Noticed a glowing orange brain
  2921 | D        | Noticed a hellephant
  2923 | D        | Killed a glowing orange brain
  2939 | D        | Killed a hellephant
  2940 | D        | Reached skill level 21 in Long Blades
  3026 | D        | Killed Sonja
  3123 | D        | Noticed a deep elf blademaster
  3128 | D        | Reached XP level 13. HP: 102/112 MP: 0/0
  3128 | D        | Learned a level 5 spell: Silence
  3142 | D        | HP: 5/112 [deep elf blademaster/+0 rapier (6)]
  3143 | D        | Slain by a deep elf blademaster

Illustrated notes

Levels and vault maps discovered:
D:        the_violet_keep_of_menkaure [sprint2_stairs_cluster_1,
          sprint2_shoproom, sprint2_temple, sprint2_basic_supplies,
          sprint2_obstacle_5, sprint2_obstacle_4, sprint2_obstacle_7,
          sprint2_obstacle_2, sprint2_obstacle_6, sprint2_timed_cluster_1,
          sprint2_smallroom_cluster_1, sprint2_smallroom_final_cluster_1,
          sprint2_transparent_cluster_1, sprint2_second_timed_cluster_1,
          sprint2_sniper_area_1, sprint2_heavy_combat_area_1,
          sprint2_mutation_trap_area_1, sprint2_forest_area_1,
          sprint2_light_combat_area_1, sprint2_behind_water_1,
          sprint2_near_end_vault_1]

Skill      XL: |  1  2  3  4  5  6  7  8  9 10 11 12 |
---------------+-------------------------------------+-----
Fighting       | 4 5 7 8 9 10 11 13 15 17 | 17.2
Long Blades    | 4 5 7 8 10 11 14 16 19 21 | 21.2
Dodging        | 5 6 8 9 10 11 12 13 | 13.1
Armour         | 1 3 4 5 7 8 |  8.9
Throwing       | |  1.5

Action                     |  1- 3 |  4- 6 |  7- 9 | 10-12 | 13-15 || total
---------------------------+-------+-------+-------+-------+-------++-------
  Melee: Long sword        |     4 |    50 |    47 |       |       ||   101
         Punch             |       |     2 |     2 |       |       ||     4
         Great sword       |       |       |    43 |   198 |    11 ||   252
  Throw: Throwing net      |       |       |       |     3 |     2 ||     5
    Use: Potion            |     1 |       |     1 |     7 |     1 ||    10
         Scroll            |       |       |       |     9 |     1 ||    10
   Stab: Paralysed         |       |       |     1 |       |       ||     1
         Held in net/web   |       |       |       |     2 |       ||     2
         Distracted        |       |       |       |       |     1 ||     1
 Armour: Leather armour    |     1 |    26 |     9 |       |       ||    36
         Ring mail         |       |       |    40 |   119 |    21 ||   180
         Plate armour      |       |       |       |    55 |       ||    55
  Dodge: Dodged            |     1 |    31 |    60 |   150 |    11 ||   253

Table legend: (Time is in decaauts)
 A = Elapsed time spent in this place.
 B = Non-inter-level travel time spent in this place.
 C = Inter-level travel time spent in this place.
 D = Time resting spent in this place.
 E = Time spent auto-exploring this place.
 F = Levels seen in this place.
 G = Mean time per level.
                   A        B        C        D        E       F      G
               +--------+--------+--------+--------+--------+-----+--------+
         Total |   3086 |   3086 |      0 |   1425 |      0 |   1 | 3086.0 |
       Dungeon |   3086 |   3086 |      0 |   1425 |      0 |   1 | 3086.0 |
               +--------+--------+--------+--------+--------+-----+--------+

Top non-repeatable levels by time:
       D: 3086 daAuts
